Map: Deathaura LE

Players

HellraiseR - Winner!

  • Race: Protoss Protoss
  • League: Grandmaster
  • Spawn Location: 11:00

MarineLorD

  • Race: Terran Terran
  • Spawn Location: 5:00

Event: DreamHack SC2 Masters 2020 Summer Europe

VOD

Have the link to the VOD?

Description

Time

  • Played on: June 25, 2020, 1:07 p.m.
  • Length: 18:04

All games in this series

Show
View Real Time Build Order
Export as new Build Order

HellraiseR Protoss - Winner!

Build Orders: 1 Gate Expand, Phoenix Opening, Colossus Rush 

Get SALT Encoding   

  12  0:00  Probe  
  13  0:12  Probe  
  14  0:17  Pylon  
  14  0:23  Probe  
  15  0:31  Probe  
  16  0:36  Gateway  
  16  0:39  Probe  
  16  0:45  Assimilator  
  17  0:51  Probe  
  18  1:01  Probe  
  19  1:09  Probe  
  20  1:23  Cybernetics Core  
  20  1:30  Nexus  
  20  1:37  Pylon  
  20  1:40  Probe  
  20  1:46  Assimilator  
  21  1:52  Probe, Adept  
  24  2:04  Probe  
  25  2:13  Stargate  
  25  2:16  Probe  
  25  2:19  Adept  
  28  2:29  Probe  
  29  2:32  Warp Gate  
  29  2:40  Probe  
  29  2:41  Probe  
  31  2:49  Probe  
  31  2:53  Probe  
  31  2:56  Phoenix  
  31  2:57  Probe  
  33  3:05  Probe  
  37  3:08  Probe  
  37  3:09  Shield Battery  
  38  3:16  Phoenix  
  38  3:17  Probe  
  39  3:23  Probe  
  42  3:29  Probe  
  42  3:31  Pylon  
  43  3:34  Stalker  
  43  3:35  Probe  
  43  3:40  Pylon  
  46  3:41  Assimilator  
  46  3:47  Pylon, Phoenix  
  46  3:49  Probe  
  49  3:56  Probe  
  49  3:59  Assimilator  
  49  4:01  Probe, Robotics Facility  
  51  4:04  Phoenix  
  51  4:08  Probe  
  52  4:13  Probe  
  55  4:20  Probe  
  56  4:25  Probe  
  56  4:28  Pylon  
  56  4:31  Phoenix  
  59  4:32  Probe  
  59  4:37  Probe  
  61  4:43  Nexus  
  61  4:45  Probe  
  62  4:47  Pylon  
  63  4:52  Observer  
  63  4:54  Robotics Bay  
  63  4:55  Probe  
  63  4:59  Probe  
  65  5:01  Phoenix  
  65  5:06  Forge  
  67  5:07  Probe  
  68  5:16  Gateway x2  
  68  5:17  Immortal  
  72  5:28  Phoenix  
  72  5:32  Sentry, Pylon  
  72  5:34  Probe x2  
  78  5:41  Protoss Ground Weapons Level 1  
  78  5:46  Probe x2  
  80  5:51  Colossus  
  80  5:55  Forge  
  80  5:58  Probe x2  
  80  5:59  Stalker  
  80  6:01  Probe  
  85  6:08  Extended Thermal Lance  
  85  6:10  Probe  
  93  6:11  Probe  
  93  6:13  Probe  
  94  6:20  Stalker  
  94  6:22  Probe  
  94  6:23  Probe  
  94  6:25  Probe  
  94  6:30  Phoenix  
  96  6:32  Colossus  
  96  6:33  Protoss Ground Armor Level 1  
  96  6:34  Probe x2, Observer  
  96  6:35  Probe  
  97  6:41  Assimilator  
  97  6:42  Probe, Assimilator  
  97  6:43  Probe  
  97  6:46  Probe, Shield Battery  
  99  6:50  Probe  
  99  6:51  Probe  
  99  6:53  Pylon  
  109  7:05  Twilight Council, Photon Cannon  
  108  7:08  Photon Cannon  
  108  7:09  Pylon  
  108  7:15  Phoenix  
  110  7:19  Shield Battery  
  110  7:21  Colossus  
  109  7:24  Pylon  
  115  7:31  Probe x3  
  115  7:33  Blink  
  115  7:36  Stalker, Sentry  
  122  7:37  Stalker  
  122  7:48  Nexus  
  122  7:50  Shield Battery  
  122  7:54  Probe x3  
  122  7:57  Gateway  
  122  8:07  Disruptor  
  122  8:08  Protoss Ground Weapons Level 2  
  114  8:13  Probe  
  114  8:15  Probe, Nexus  
  114  8:16  Stalker x3  
  125  8:21  Pylon  
  125  8:28  Photon Cannon  
  125  8:29  Pylon  
  125  8:33  Protoss Ground Armor Level 2, Disruptor  
  125  8:38  Photon Cannon  
  125  8:39  Probe  
  125  8:41  Pylon  
  126  8:43  Photon Cannon  
  126  8:45  Shield Battery  
  126  8:46  Pylon  
  129  8:49  Stalker x2  
  129  8:52  Gateway  
  133  8:57  Gateway  
  133  8:59  Disruptor  
  133  9:06  Probe, Stalker x2  
  141  9:12  Robotics Facility  
  141  9:13  Pylon  
  141  9:18  Stalker x2  
  145  9:24  Pylon  
  145  9:25  Disruptor  
  146  9:31  Probe x3  
  146  9:33  Photon Cannon  
  146  9:36  Shield Battery  
  151  9:41  Charge  
  151  9:45  Gateway  
  151  9:49  Stalker x2, Gateway  
  151  9:50  Stalker  
  157  9:57  Dark Shrine  
  157  10:00  Disruptor  
  157  10:01  Disruptor  
  162  10:09  Stalker x3  
  162  10:13  Protoss Ground Weapons Level 3  
  168  10:22  Stalker x3  
  174  10:29  Protoss Ground Armor Level 3  
  174  10:33  Pylon  
  174  10:37  Observer  
  174  10:40  Zealot x3  
  174  10:42  Observer  
  180  10:52  Pylon  
  180  10:53  Pylon  
  180  10:55  Pylon  
  180  11:02  Pylon, Zealot  
  179  11:06  Observer  
  179  11:07  Stalker x4  
  188  11:13  Stalker x3  
  193  11:20  Gateway  
  193  11:21  Gateway  
  193  11:22  Gateway  
  193  11:24  Probe, Pylon  
  194  11:26  Assimilator  
  194  11:27  Disruptor  
  194  11:28  Gateway  
  194  11:29  Assimilator  
  194  11:31  Pylon  
  197  11:33  Nexus  
  197  11:39  Shadow Stride, Pylon  
  197  11:40  Pylon  
  197  11:46  Pylon  
  197  11:47  Zealot  
  197  12:12  Nexus  
  197  12:18  Pylon  
  197  12:21  Pylon  
  197  12:23  Photon Cannon  
  197  12:25  Photon Cannon  
  197  12:26  Photon Cannon  
  197  12:28  Shield Battery  
  197  12:32  Pylon  
  197  12:46  Disruptor  
  198  13:02  Protoss Shields Level 1  
  194  13:12  Disruptor  
  189  13:14  Zealot x5  
  189  13:18  Photon Cannon  
  189  13:19  Photon Cannon  
  199  13:21  Shield Battery  
  199  13:22  Pylon  
  197  13:27  Probe x3  
  197  13:31  Probe  
  194  13:37  Probe  
  167  13:41  Disruptor  
  167  13:42  Zealot x6  
  167  13:43  Zealot x5  
  180  13:51  Probe  
  180  13:54  Probe  
  158  13:55  Probe  
  158  13:56  Stalker  
  158  13:58  Probe  
  158  14:00  Colossus  
  145  14:08  Stalker x7  
  145  14:09  Zealot x4, Colossus  
  167  14:15  Probe x2  
  167  14:16  Probe  
  173  14:23  Zealot  
  181  14:34  Dark Templar x10  
  199  14:49  Colossus  
  197  14:55  Observer  
  194  15:05  Colossus  
  189  15:23  Protoss Shields Level 2  
  189  15:38  Dark Templar, Observer  
  189  15:39  Nexus, Dark Templar x4  
  178  16:00  Observer x2  
  178  16:01  Stalker x7  
  185  16:10  Colossus  
  181  16:19  Stalker x5  
  181  16:20  Disruptor  
  187  16:26  Zealot x6  
  199  16:39  Stalker  
  163  16:48  Zealot x9  
  163  16:49  Zealot x2  
  171  16:56  Disruptor  
  160  17:02  Probe x2  
  160  17:03  Stalker  
  160  17:04  Probe x2  
  160  17:07  Pylon  
  154  17:14  Stalker x9  
  172  17:19  Probe x2  
  174  17:24  Probe  
  175  17:32  Stalker x3  
  185  17:45  Stalker x3  
  185  17:46  Stalker x2  
Show
View Real Time Build Order
Export as new Build Order

MarineLorD Terran 

Build Orders:  

Get SALT Encoding   

  12  0:00  SCV  
  13  0:12  SCV  
  14  0:16  Supply Depot  
  14  0:24  SCV  
  15  0:38  SCV  
  15  0:39  Barracks  
  16  0:43  Refinery  
  16  0:50  SCV  
  17  1:02  SCV  
  18  1:14  SCV  
  19  1:26  Barracks Reactor, Orbital Command  
  19  1:38  Command Center  
  19  1:47  Supply Depot  
  19  1:52  SCV  
  20  2:01  Marine  
  20  2:02  Marine  
  20  2:07  Factory  
  22  2:08  SCV  
  23  2:19  Marine  
  23  2:20  SCV, Marine  
  26  2:27  Refinery  
  26  2:33  SCV  
  27  2:37  Marine  
  27  2:38  Marine  
  29  2:45  SCV  
  30  2:53  Starport  
  30  2:54  Orbital Command  
  29  3:02  SCV  
  30  3:07  Hellion x2  
  30  3:08  Barracks Tech Lab  
  34  3:14  SCV  
  34  3:19  SCV, Supply Depot  
  36  3:30  Viking  
  36  3:31  SCV  
  36  3:32  SCV  
  40  3:35  Marine  
  40  3:36  Marine  
  40  3:39  Supply Depot  
  42  3:44  Cyclone  
  42  3:46  SCV  
  42  3:47  SCV  
  47  3:55  Marine x2  
  47  3:58  SCV  
  47  3:59  SCV  
  47  4:02  Supply Depot  
  51  4:10  SCV  
  51  4:13  Marine x2  
  51  4:15  SCV  
  55  4:21  Command Center  
  55  4:22  SCV  
  56  4:27  SCV  
  57  4:34  SCV  
  57  4:36  Barracks  
  58  4:39  Barracks  
  58  4:40  Stimpack, Marine  
  58  4:43  SCV  
  60  4:47  Starport Reactor, Factory Tech Lab  
  60  4:50  Supply Depot  
  60  4:51  SCV  
  60  4:52  Supply Depot  
  61  4:55  SCV  
  61  4:59  Marauder  
  64  5:03  SCV  
  65  5:07  SCV  
  65  5:13  Engineering Bay  
  66  5:14  Engineering Bay  
  66  5:15  SCV  
  66  5:19  SCV  
  66  5:21  Marauder  
  68  5:27  SCV  
  64  5:29  Marine x2  
  64  5:31  SCV  
  64  5:34  Orbital Command  
  67  5:39  SCV  
  67  5:40  Combat Shield  
  67  5:41  Marauder  
  67  5:42  Marauder  
  72  5:43  SCV, Factory Reactor  
  72  5:45  Medivac x2  
  72  5:47  Marine x2  
  72  5:49  Missile Turret  
  79  5:51  SCV  
  79  5:56  Terran Infantry Weapons Level 1, Refinery  
  79  5:57  Refinery, Terran Infantry Armor Level 1  
  80  5:59  SCV  
  80  6:00  Orbital Command  
  80  6:03  Marauder  
  80  6:04  Marauder  
  85  6:05  Missile Turret  
  85  6:06  Marine  
  85  6:08  Marine  
  87  6:12  SCV  
  87  6:16  SCV  
  86  6:26  Marine x2  
  86  6:27  SCV, Marauder x2  
  86  6:31  SCV x2  
  89  6:39  Concussive Shells, SCV  
  90  6:40  Medivac x2  
  90  6:45  Supply Depot, Barracks x2  
  90  6:46  SCV, Supply Depot  
  90  6:47  SCV  
  96  6:55  Missile Turret, Marine  
  96  6:56  Marauder x2  
  101  7:01  Supply Depot  
  101  7:03  Supply Depot  
  101  7:06  SCV x3, Marine  
  105  7:11  Armory  
  105  7:12  Refinery  
  105  7:13  Refinery  
  105  7:18  SCV x3  
  105  7:22  Viking x2  
  110  7:24  Marine  
  110  7:25  Marauder x2  
  117  7:30  SCV x2  
  117  7:36  Barracks Reactor, Supply Depot, Barracks Tech Lab  
  119  7:39  SCV  
  119  7:40  Supply Depot  
  119  7:43  SCV  
  121  7:47  Supply Depot  
  121  7:48  Supply Depot  
  121  7:50  Ghost Academy, Marine x2  
  121  7:51  Marauder x2  
  127  7:57  SCV  
  127  7:58  SCV  
  129  8:04  Marauder  
  130  8:08  Marine  
  130  8:12  Marauder, Marine  
  120  8:13  Viking x2, Marauder  
  120  8:15  Marine  
  126  8:23  Terran Ship Weapons Level 1, Terran Infantry Armor Level 2, Terran Infantry Weapons Level 2  
  126  8:25  Marauder  
  128  8:27  Marine  
  128  8:28  Marine  
  128  8:33  Marauder  
  130  8:34  Marauder, Marine x2  
  134  8:43  Viking x2  
  134  8:44  Supply Depot  
  134  8:45  Marine  
  141  8:49  Enhanced Shockwaves  
  141  8:53  Ghost  
  141  8:54  Ghost  
  141  8:55  Marine x3  
  146  9:00  SCV  
  146  9:01  SCV x2  
  146  9:02  Command Center  
  149  9:04  Ghost  
  149  9:09  Supply Depot x2  
  151  9:10  Supply Depot  
  151  9:16  Viking  
  151  9:17  Viking  
  155  9:22  Marine x3  
  158  9:28  SCV x3  
  161  9:36  Sensor Tower  
  161  9:40  SCV, Marauder x3, Marine x2  
  170  9:47  Barracks  
  170  9:49  Starport  
  170  9:50  Barracks  
  170  9:51  Barracks  
  170  9:55  Marine  
  171  10:00  Viking x2  
  171  10:01  Marauder x2  
  171  10:02  Factory Reactor  
  171  10:06  Marauder, Marine  
  179  10:22  Marine x3  
  179  10:23  Marauder  
  184  10:30  Viking x2  
  186  10:43  Barracks Tech Lab x2  
  186  10:50  Liberator  
  186  10:51  Command Center, Liberator  
  192  10:58  Terran Infantry Weapons Level 3, Terran Infantry Armor Level 3  
  192  11:01  Terran Ship Weapons Level 2  
  192  11:05  Command Center  
  192  11:15  Liberator x2  
  197  11:19  Missile Turret  
  197  11:22  Refinery  
  197  11:24  Planetary Fortress, Refinery  
  197  11:34  Command Center  
  197  11:38  Sensor Tower  
  196  11:52  Liberator  
  199  11:55  Fusion Core  
  198  12:06  Orbital Command  
  198  12:16  Command Center  
  198  12:23  Planetary Fortress, Missile Turret  
  198  12:46  Advanced Ballistics  
  176  13:13  Liberator x4  
  176  13:17  Terran Vehicle And Ship Armor Level 1  
  188  13:23  Refinery, Command Center  
  188  13:24  Orbital Command  
  188  13:29  Ghost x4, Command Center  
  180  13:47  Marauder  
  177  13:53  Marine x4  
  177  13:54  Marine x2  
  155  13:56  Liberator x2  
  155  13:58  Marauder x3, Marine  
  138  14:03  Liberator x2  
  138  14:08  Marine  
  138  14:09  SCV x4  
  139  14:10  Marine x2  
  139  14:11  Orbital Command, Marine x2  
  139  14:12  Marine x2  
  139  14:16  Marauder  
  147  14:20  Marauder x3, Neosteel Armor  
  153  14:27  Marauder  
  153  14:28  SCV x2, Marine x3  
  153  14:31  Sensor Tower  
  160  14:37  Marine x3  
  160  14:38  Marauder  
  164  14:39  Viking x2  
  164  14:41  Marauder x3  
  171  14:46  Viking x2, Sensor Tower  
  171  14:48  Marauder  
  171  14:49  Marine  
  176  14:53  Marine  
  176  14:57  Marine x4  
  176  14:59  Marauder  
  182  15:00  Orbital Command  
  182  15:03  Marauder x3  
  187  15:07  Marine  
  187  15:09  Marauder  
  187  15:11  Marine  
  183  15:15  Marine x4  
  183  15:21  Marauder  
  177  15:24  Marauder x3  
  177  15:25  Marine  
  184  15:28  Marine  
  184  15:31  Marauder  
  184  15:32  Marine  
  184  15:33  Marine x3  
  191  15:36  Missile Turret  
  191  15:42  Marauder  
  193  15:43  Marine  
  193  15:45  Marauder x3  
  193  15:46  Marine  
  198  15:50  Marine x2  
  198  15:51  Marine x2  
  189  16:01  Marauder, Marine  
  189  16:03  Marauder  
  185  16:04  Marine  
  185  16:08  Command Center  
  186  16:18  Viking x3  
  185  16:19  Marauder, Marine x2  
  185  16:20  Marauder  
  188  16:26  Marauder, Marine x2  
  188  16:29  Marauder, Orbital Command, Marine x3  
  191  16:37  Marine x2  
  182  16:41  Marauder  
  182  16:46  Marine x2  
  182  16:47  Marauder  
  168  16:51  Marine x4  
  168  16:52  Marauder  
  139  17:07  Marauder, Marine x2  
  139  17:08  Orbital Command, Marauder  
  122  17:10  Marauder  
  122  17:14  Marine  
  122  17:15  Marauder, Marine  
  128  17:20  Liberator x4  
  146  17:38  Marine x2  
  135  17:44  SCV x5  
Tags
 
Add a new tag
Caveats
  • Supply blocks, unpowered buildings, or Contaminate may cause inaccurate times.
  • Supply counts are checked every 10 seconds.